 Dungeon Crawl Stone Soup version 0.19.5 (webtiles) character file.

176 uglyjohn the Cudgeler (level 5, -5/32 HPs)
             Began as a Gargoyle Chaos Knight on Mar 16, 2017.
             Slain by an ogre
             ... wielding a +0 giant spiked club
              (12 damage)
             ... on level 3 of the Dungeon.
             The game lasted 00:05:23 (2741 turns).

uglyjohn the Cudgeler (Gargoyle Chaos Knight)       Turns: 2741, Time: 00:05:24

Health: -5/32      AC:  9    Str: 16    XL:     5   Next: 56%
Magic:  5/5        EV: 11    Int: 13    God:    Xom [..*...]
Gold:   96         SH:  0    Dex:  9    Spells: 0 memorised, 4 levels left

rFire  . . .     SeeInvis .     a - +0 mace (chaos)
rCold  . . .     Gourm    .     b - +2 leather armour
rNeg   + + .     Faith    .     (no shield)
rPois  ∞         Spirit   .     (no helmet)
rElec  +         Reflect  .     (no cloak)
rCorr  .         Harm     .     (no gloves)
MR     .....                    (no boots)
Stlth  +.........               (no amulet)
                                (no ring)
                                i - ring of positive energy

@: no status effects
A: negative energy resistance 1, electricity resistance, unbreathing,
petrification resistance, rot immunity, AC +4
a: Renounce Religion


You were on level 3 of the Dungeon.
You worshipped Xom.
You were a toy of Xom.
You were not hungry.

You visited 1 branch of the dungeon, and saw 3 of its levels.

You collected 96 gold pieces.

Inventory:

Hand Weapons
 a - a +0 mace of chaos (weapon)
Armour
 b - a +2 leather armour (worn)
Jewellery
 i - a ring of positive energy (left hand)
Wands
 w - a wand of paralysis (10/24)
Scrolls
 d - a scroll of magic mapping {unknown}
 e - a scroll of noise {unknown}
 g - 3 scrolls of recharging
 h - 2 scrolls of teleportation
 j - 2 scrolls of identify {unknown}
 p - 2 scrolls of blinking {unknown}
 q - a scroll of fear {unknown}
 r - 2 scrolls of remove curse {unknown}
 v - a scroll of immolation {unknown}
Potions
 f - a potion of curing
 l - a potion of cancellation
 m - a potion of lignification {unknown}
 n - a potion of resistance {unknown}
 t - a potion of heal wounds {unknown}
Comestibles
 c - 2 bread rations
 k - a beef jerky
 o - 2 chunks of flesh
 s - a slice of pizza
 u - 2 meat rations


   Skills:
 - Level 3.2 Fighting
 + Level 6.0 Maces & Flails
 - Level 2.1 Armour
 - Level 0.7 Dodging


You had 4 spell levels left.
You didn't know any spells.

Dungeon Overview and Level Annotations

Branches:
Dungeon (3/15)

Altars:
Dithmenos
Fedhas
Gozag
Ru
Uskayaw


Innate Abilities, Weirdness & Mutations

You are resistant to torment.
Your stone body is resilient. (AC +4)
You are immune to poison.
You resist negative energy. (rN+)
You are resistant to electric shocks. (rElec)
You can survive without breathing.
You are immune to petrification.
You are immune to rotting.


Message History

It was a potion of curing.
You feel better.
Xom thinks this is hilarious!
It was a potion of cancellation.
Your magical effects are unravelling.
You feel magically purged.
Your magical contamination has completely faded away.
You feel yourself slow down.
You kill the gnoll!
You hit the ogre but do no damage.
The ogre hits you with a giant spiked club!
* * * LOW HITPOINT WARNING * * *
You thump the ogre! You burn the ogre.
The ogre is heavily wounded.
The ogre closely misses you.
You hit the ogre but do no damage.
The ogre is heavily wounded.
The gnoll closely misses you.
The ogre hits you with a giant spiked club!
You die...
Xom chuckles heartily!

###...........#
#.########.#
#...........#
#..........#
#.....#######
############
#####..###############
.......................
{{{{{....{{{{{{{{{{{{{{
{{{{{....{{{{{{{{{{{{{{
{{{{{....{{{{{O{{{{{{#
............gg.@....%#
#####''''#############
#....# #....# #...g#
#...O# #...g#
+....'..g.g.
+....'..gO..


You could see an ogre and 2 gnolls.

Vanquished Creatures
  4 gnolls (D:3)
  8 adders
  A worm (D:3)
  3 leopard geckos
  An orc (D:3)
  3 bats
  2 giant cockroaches (D:3)
  9 goblins
  5 hobgoblins
  8 jackals
  A ball python (D:1)
  5 frilled lizards
  4 kobolds
  8 rats
62 creatures vanquished.

Notes
Turn   | Place    | Note
-------+----------+-------------------------------------------
     0 | D:1      | uglyjohn the Gargoyle Chaos Knight began the quest for the Orb.
     0 | D:1      | Reached XP level 1. HP: 14/14 MP: 1/1
   180 | D:1      | Reached XP level 2. HP: 15/19 MP: 2/2
   658 | D:1      | XOM: divination: magic mapping
   952 | D:2      | XOM is BORED!
   952 | D:2      | XOM: silly message
   992 | D:2      | Reached skill level 4 in Maces & Flails
   992 | D:2      | Reached XP level 3. HP: 19/23 MP: 3/3
  1026 | D:2      | Found a shadowy altar of Dithmenos.
  1167 | D:2      | XOM: divination: magic mapping
  1274 | D:2      | XOM: noise
  1276 | D:2      | XOM: smoke on damage
  1478 | D:2      | Reached XP level 4. HP: 25/28 MP: 4/4
  1702 | D:3      | Reached skill level 5 in Maces & Flails
  1706 | D:3      | XOM: harmless Summ miscast
  1940 | D:3      | Found a blossoming altar of Fedhas.
  1940 | D:3      | Found a sacrificial altar of Ru.
  1965 | D:3      | Noticed a hand axe
  1965 | D:3      | Found a hide-covered altar of Uskayaw.
  1966 | D:3      | Noticed a dagger
  2138 | D:3      | Reached XP level 5. HP: 29/32 MP: 5/5
  2282 | D:3      | XOM: silly message
  2283 | D:3      | XOM: harmless Chrm miscast
  2388 | D:3      | Found an opulent altar of Gozag.
  2388 | D:3      | Found a faded altar of an unknown god.
  2393 | D:3      | Found a faded altar of an unknown god.
  2395 | D:3      | Found a faded altar of an unknown god.
  2397 | D:3      | Found a faded altar of an unknown god.
  2462 | D:3      | XOM: harmless Chrm miscast
  2673 | D:3      | XOM: harmless Ice miscast
  2715 | D:3      | Noticed an ogre
  2715 | D:3      | XOM: silly message
  2727 | D:3      | XOM: potion effect (haste)
  2730 | D:3      | Reached skill level 6 in Maces & Flails
  2741 | D:3      | Slain by an ogre

Skill      XL: |  1  2  3  4  5 |
---------------+----------------+-----
Maces & Flails | 4 5 6 |  6.0
Fighting       | |  3.2
Armour         | |  2.1
Dodging        | |  0.7

Action                   |  1- 3 |  4- 6 || total
-------------------------+-------+-------++-------
Melee: Mace              |    93 |   124 ||   217
  Use: Scroll            |     1 |     1 ||     2
       Potion            |       |     2 ||     2
 Stab: Confused          |     1 |       ||     1
  Eat: Chunk             |     2 |     4 ||     6
Armor: Leather armour    |    49 |    38 ||    87
Dodge: Dodged            |    54 |    72 ||   126
